 Dungeon Crawl Stone Soup version 0.15.2 (webtiles) character file.

3999 Kayne the Grappler (level 10, -2/100 HPs)
             Began as a Troll Monk on Dec 27, 2014.
             Slain by Joseph
             ... wielding a +5 quarterstaff of protection
              (25 damage)
             ... on Level 9 of the Dungeon.
             The game lasted 01:06:10 (7680 turns).

Kayne the Grappler (Troll Monk)                     Turns: 7680, Time: 01:06:10

HP  -2/100       AC  6     Str 22      XL: 10   Next:  3%
MP   5/5         EV 14     Int  6      God:
Gold 407         SH  0     Dex 14      Spells:  0 memorised,  9 levels left

rFire  . . .     SeeInvis .       - Unarmed
rCold  . . .     Clarity  .     a - +0 robe
rNeg   . . .     rCorr    .     (shield restricted)
rPois  .         rRot     .     (helmet restricted)
rElec  .         Spirit   .     L - +0 cloak
SustAb .         Warding  .     (gloves unavailable)
rMut   .         Stasis   .     (boots unavailable)
Gourm  +                        (no amulet)
MR     .....                    (no ring)
                                d - ring of flight

@: not resistant to hostile enchantments, unstealthy
A: unfitting armour, claws 3, fast metabolism 3, gourmand, regeneration 2,
saprovore 2, shaggy fur 1, tough skin 2
a: Evoke Flight


You were on level 9 of the Dungeon.
You were not hungry.

You visited 1 branch of the dungeon, and saw 9 of its levels.

You collected 407 gold pieces.

Inventory:

Hand weapons
 o - a +2 hunting sling of flaming
 q - a +0 dagger
 C - a +1 hand axe
 P - a +1 whip of flaming
 V - a +2 dagger of venom
Missiles
 k - a throwing net
 p - 13 sling bullets
 s - 24 stones (quivered)
 G - 5 tomahawks
Armour
 a - a +0 robe (worn)
 v - a +0 robe
 L - a +0 cloak (worn)
Magical devices
 A - a wand of paralysis (8)
 D - a wand of flame (10)
 F - a wand of flame (10)
 U - a wand of magic darts (14)
Comestibles
 b - 7 meat rations
 f - a slice of pizza
 w - 2 fruits
 B - 2 royal jellies
 H - a beef jerky
 T - a bread ration
Scrolls
 e - 2 scrolls of fear {unknown}
 h - 8 scrolls of remove curse
 i - 4 scrolls of teleportation
 j - 2 scrolls of recharging {unknown}
 l - a scroll of noise {unknown}
 m - a scroll of amnesia {unknown}
 r - 3 scrolls of immolation {unknown}
 t - a scroll of blinking {unknown}
 x - a scroll of vulnerability {unknown}
 y - a scroll of fog
 E - 2 scrolls of enchant weapon
 I - 2 scrolls of identify
 S - a scroll of random uselessness {unknown}
Jewellery
 d - a ring of flight (left claw)
 W - a +3 ring of strength {unknown}
Potions
 c - a potion of curing
 n - a potion of confusion
 u - a potion of restore abilities
 z - a potion of lignification {unknown}
 J - a potion of poison
 K - a potion of agility {unknown}
 M - 2 potions of resistance {unknown}
 N - a potion of degeneration {unknown}
 Q - a potion of magic {unknown}
 R - 3 potions of invisibility {unknown}
Magical staves
 O - a cursed staff of energy {unknown}


   Skills:
 + Level 6.6 Fighting
 + Level 7.4 Dodging
 + Level 3.0 Stealth
 + Level 9.2 Unarmed Combat
 + Level 0.7 Evocations


You had 9 spell levels left.
You didn't know any spells.

Dungeon Overview and Level Annotations

Branches:
Dungeon (9/15)             Temple (0/1) D:4
    Orc: D:9-12        Lair: D:8-11

Altars:
Cheibriados
Elyvilon
Fedhas
Kikubaaqudgha
Nemelex Xobeh
Qazlal
Sif Muna
Yredelemnul
Zin
The Shining One

Shops:
D:4 !?[=:

Annotations:
D:9 Joseph


Innate Abilities, Weirdness & Mutations

You are too large for most types of armour.
You have claws for hands.
Your metabolism is lightning-fast.
You like to eat raw meat.
You heal very quickly.
You can eat rotten meat.
You are covered in fur (AC +1).
You have very tough skin (AC +2).


Message History

You mangle Joseph!!
Joseph is severely wounded.
Joseph drinks a potion.
Joseph seems to grow stronger.
You closely miss Joseph.
Joseph is severely wounded.
Joseph hits you with a runed quarterstaff!!
You completely miss Joseph.
Joseph is severely wounded.
Joseph hits you with a runed quarterstaff!!
* * * LOW HITPOINT WARNING * * *
You scratch Joseph. You claw Joseph, but do no damage.
Joseph is severely wounded.
You claw Joseph!
Joseph is almost dead.
Joseph hits you with a runed quarterstaff.
* * * LOW HITPOINT WARNING * * *
You scratch Joseph.
Joseph is almost dead.
Joseph hits you with a runed quarterstaff!!
You die...

..#
#.#
#.#
#.#
#.#
#.#
#.#
#@#
#@#
#.#
#<#
#.#
###


You could see Joseph (bleeding).

Vanquished Creatures
  Erolcha (D:8)
  Pikel (D:7)
  A two-headed ogre (D:8)
  A hungry ghost (D:7)
  Menkaure (D:7)
  A water moccasin (D:7)
  4 sky beasts
  2 phantoms
  2 black bears
  An ogre (D:4)
  A centaur (D:8)
  Duvessa (D:8)
  3 giant frogs
  Blork the orc (D:6)
  A hound (D:7)
  4 crimson imps
  Dowan (D:8)
  3 goliath beetles
  3 jellies
  An orc wizard (D:8)
  3 orc priests (D:5)
  2 iguanas
  10 worker ants
  Ijyb (D:4)
  A hound zombie (D:5)
  13 adders
  7 gnolls
  A giant mite (D:6)
  A shadow imp (D:7)
  5 worms
  8 giant geckos
  2 oozes
  29 orcs
  14 goblins
  12 hobgoblins
  8 kobolds
  3 ball pythons
  13 bats
  8 giant cockroaches
  6 giant newts
  A giant spore (D:6)
  5 jackals (D:2)
  2 kobold skeletons (D:4)
  An orc zombie (D:5)
  2 quokkas (D:5)
  A quokka zombie (D:6)
  13 rats
206 creatures vanquished.

Vanquished Creatures (others)
  Psyche (D:8)
  A steam dragon (D:8)
  An ice beast (D:8)
  A giant frog (D:8)
  A centaur zombie (D:7)
  An iguana (D:7)
  An adder (D:7)
  A bat (D:8)
8 creatures vanquished.

Grand Total: 214 creatures vanquished

Notes
Turn   | Place    | Note
--------------------------------------------------------------
     0 | D:1      | Kayne, the Troll Monk, began the quest for the Orb.
     0 | D:1      | Reached XP level 1. HP: 22/22 MP: 1/1
   403 | D:1      | Reached XP level 2. HP: 29/29 MP: 1/1
   895 | D:2      | Reached XP level 3. HP: 27/36 MP: 2/2
  1268 | D:2      | Found an ancient bone altar of Kikubaaqudgha.
  1268 | D:2      | Found a white marble altar of Elyvilon.
  1354 | D:2      | Reached XP level 4. HP: 44/44 MP: 2/2
  2219 | D:3      | Reached skill level 5 in Unarmed Combat
  2581 | D:3      | Reached XP level 5. HP: 53/53 MP: 2/2
  2938 | D:4      | Noticed a black bear
  2948 | D:4      | Killed a black bear
  3054 | D:4      | Noticed Ijyb
  3067 | D:4      | Killed Ijyb
  3131 | D:4      | Found Jyfufran's Book Shop.
  3138 | D:4      | Reached XP level 6. HP: 43/61 MP: 3/3
  3176 | D:4      | Got a dazzling leather armour
  3203 | D:4      | Found Hud Prycu's Jewellery Emporium.
  3262 | D:4      | Found a staircase to the Ecumenical Temple.
  3314 | D:4      | Found Goaten's Armour Shop.
  3722 | D:4      | Found a sparkling altar of Nemelex Xobeh.
  3731 | D:4      | Found Yfakasuf's Distillery.
  3744 | D:4      | Noticed an ogre
  3767 | D:4      | Killed an ogre
  3865 | D:4      | Found Saadal's Magic Scroll Shop.
  3910 | D:5      | Entered Level 5 of the Dungeon
  3944 | D:5      | Reached XP level 7. HP: 66/68 MP: 3/3
  4361 | D:5      | Reached skill level 6 in Unarmed Combat
  4469 | D:5      | Found a glowing drain.
  4865 | D:6      | Found a blossoming altar of Fedhas.
  4866 | D:6      | Found a deep blue altar of Sif Muna.
  4871 | D:6      | Found a glowing silver altar of Zin.
  4872 | D:6      | Found a basalt altar of Yredelemnul.
  4873 | D:6      | Found a stormy altar of Qazlal.
  4890 | D:6      | Reached skill level 5 in Dodging
  5048 | D:6      | Reached XP level 8. HP: 79/79 MP: 3/3
  5219 | D:6      | Found a snail-covered altar of Cheibriados.
  5259 | D:6      | Reached skill level 7 in Unarmed Combat
  6023 | D:6      | Noticed Blork the orc
  6032 | D:6      | Killed Blork the orc
  6352 | D:7      | Reached skill level 5 in Fighting
  6368 | D:7      | Noticed Pikel
  6384 | D:7      | Killed Pikel
  6384 | D:7      | Reached XP level 9. HP: 61/88 MP: 5/5
  6484 | D:7      | Found an ancient bone altar of Kikubaaqudgha.
  6685 | D:7      | Reached skill level 8 in Unarmed Combat
  6698 | D:7      | Noticed Menkaure
  6719 | D:7      | Killed Menkaure
  6904 | D:7      | Found a glowing golden altar of the Shining One.
  7027 | D:8      | Noticed Duvessa
  7028 | D:8      | Noticed Dowan
  7044 | D:8      | Killed Dowan
  7049 | D:8      | Killed Duvessa
  7086 | D:8      | Noticed Erolcha
  7142 | D:8      | Killed Psyche
  7152 | D:8      | Killed Erolcha
  7184 | D:8      | Reached skill level 9 in Unarmed Combat
  7484 | D:8      | Reached XP level 10. HP: 100/100 MP: 5/5
  7668 | D:9      | Noticed Joseph
  7680 | D:9      | Slain by Joseph

Action                   |  1- 3 |  4- 6 |  7- 9 | 10-12 || total
-------------------------+-------+-------+-------+-------++-------
Melee: Unarmed           |   103 |   176 |   388 |    20 ||   687
Evoke: Wand              |       |       |     5 |       ||     5
  Use: Scroll            |       |     5 |     4 |       ||     9
       Potion            |       |     4 |     3 |       ||     7
 Stab: Sleeping          |       |     2 |     2 |       ||     4
       Fleeing           |       |     1 |       |       ||     1
       Paralysed         |       |       |     2 |       ||     2
  Eat: Chunk             |     9 |    21 |    32 |       ||    62
       Meat ration       |     1 |       |       |       ||     1
       Bread ration      |       |       |     1 |       ||     1
